 Dungeon Crawl Stone Soup version 0.31-a0-977-gc230f8ef24 (webtiles) character file.

Game seed: 5682501673400695676

18664 mandarbmax the Carver (level 12, -7/96 (99) HPs)
             Began as a Green Draconian Monk on Oct 29, 2023.
             Was a High Priest of Hepliaklqana.
             Killed from afar by Frances (20 damage)
             ... with an iron shot
             ... on level 12 of the Dungeon.
             The game lasted 00:27:14 (11564 turns).

mandarbmax the Carver (Green Draconian Monk)       Turns: 11564, Time: 00:27:14

HP:   -7/96 (99)    AC: 13    Str: 15    XL:     12   Next: 29%
MP:   16/16         EV: 20    Int: 10    God:    Hepliaklqana [*****.]
Gold: 881           SH:  0    Dex: 24    Spells: 11/11 levels left

rFire   + . .        P - +5 scimitar
rCold   . . .        c - orb {light}
rNeg    . . .        (body armour unavailable)
rPois   +            (helmet restricted)
rElec   .            w - +2 cloak
rCorr   .            e - +0 pair of gloves
SInv    .            q - +0 pair of boots
Will    .....        (no amulet)
Stlth   +            t - ring of protection from fire
HPRegen 0.36/turn    y - +6 ring of dexterity
MPRegen 0.15/turn

%: no passive effects
@: glowing, studying Unarmed Combat, lightly drained
A: reduced essence, breathe noxious fumes, AC +8, unfitting armour, poison
resistance, cold-blooded
a: Breathe Noxious Fumes, Renounce Religion, Recall Ancestor, Ancestor Identity,
Transference, Idealise


You were on level 12 of the Dungeon.
You worshipped Hepliaklqana.
Hepliaklqana was extremely pleased with you.
You visited 2 branches of the dungeon, and saw 13 of its levels.
You also visited: Ossuary.

You collected 881 gold pieces.

Inventory:

Hand Weapons
 P - a +5 scimitar (weapon)
Missiles
 j - 23 poisoned darts
 B - 2 boomerangs
Armour
 b - a +0 buckler
 c - an orb of light (worn)
 e - a +0 pair of gloves (worn)
 q - a +0 pair of boots (worn)
 w - a +2 cloak (worn)
Jewellery
 a - a ring of resist corrosion
 t - a ring of protection from fire (left hand)
 y - a +6 ring of dexterity (right hand)
 L - a ring of ice
 N - a ring of ice
Wands
 v - a wand of flame (43)
 A - a wand of roots (21)
 I - a wand of light (11)
 J - a wand of mindburst (18)
 K - a wand of charming (3)
 O - a wand of digging (3)
Scrolls
 f - a scroll of vulnerability
 i - 8 scrolls of teleportation
 k - 5 scrolls of immolation
 o - 3 scrolls of fog
 r - a scroll of brand weapon {unknown}
 s - 3 scrolls of poison
 C - a scroll of amnesia
 D - 2 scrolls of torment
 G - 2 scrolls of blinking
 M - a scroll of revelation
Potions
 d - 2 potions of heal wounds
 g - 4 potions of curing
 h - a potion of brilliance
 l - 5 potions of mutation
 m - 5 potions of lignification
 n - 3 potions of enlightenment
 p - 2 potions of haste {unknown}
 u - 2 potions of ambrosia
 x - a potion of cancellation
 z - 2 potions of degeneration {unknown}
 E - a potion of might {unknown}
 F - a potion of berserk rage {unknown}
 H - 2 potions of resistance {unknown}


   Skills:
 + Level 11.5 Fighting
 - Level 14.0 Long Blades
 + Level 9.7 Dodging
 - Level 6.0 Invocations


You had 11 spell levels left.
You didn't know any spells.
Your spell library contained the following spells:

 Spells                   Type           Power      Damage    Failure   Level
 Magic Dart               Conj           0%         1d3       36%         1
 Call Imp                 Summ           0%         N/A       50%         2
 Mephitic Cloud           Conj/Pois/Air  0%         N/A       75%         3
 Leda's Liquefaction      Hex/Erth       0%         N/A       98%         4
 Lee's Rapid Deconstruct  Erth           0%         3d4*      100%        5
 Bombard                  Conj/Erth      0%         9d1       100%        6
 Simulacrum               Ice/Necr       0%         N/A       100%        6
 Ozocubu's Refrigeration  Ice            0%         4d7       100%        7
 Polar Vortex             Ice            0%         N/A       100%        9


Dungeon Overview and Level Annotations

Branches:
Dungeon (12/15)            Temple (1/1) D:6            Lair (0/5) D:11
    Orc (0/2) D:10        Ossuary (visited)

Altars:
Ashenzari
Cheibriados
Dithmenos
Elyvilon
Fedhas
Gozag
Hepliaklqana
Kikubaaqudgha
Makhleb
Nemelex Xobeh
Okawaru
Qazlal
Ru
Sif Muna
Trog
Uskayaw
Vehumet
Wu Jian
Xom
Yredelemnul
Zin
The Shining One

Shops:
D:8 (   D:10 :

Annotations:
D:12 Frances


Innate Abilities, Weirdness & Mutations

Your life essence is reduced to manifest your ancestor. (-10% HP)
You can breathe blasts of noxious fumes.
Your lurid green scales are hard. (AC +8)
You cannot fit into any form of body armour.
Your system is resistant to poisons. (rPois)
You are cold-blooded and may be slowed by cold attacks.


Message History

Unknown command.
You slash Frances!
You tail-slap Frances, but do no damage.
Frances is moderately wounded.
Frances screams a word of power!
The iron shot hits you!
Unknown command.
You slash Frances!
Frances is moderately wounded.
Frances hits you with a +0 mace.
Unknown command.
You slash Frances!
Frances is heavily wounded.
Frances mutters in a terrible tongue.
The iron shot misses you.
You hit Frances but do no damage. You tail-slap Frances.
Frances is heavily wounded.
The soul eater hits you!
You feel drained.
Frances says, "I value strength and power.
I see none of this in you." Frances hits you but does no damage.
Unknown command.
You swap places.
Frances hits Thabo with a +0 mace!
The soul eater barely misses Thabo.
Thabo gestures at Frances while chanting.
The puff of frost hits Frances.
Things that are here:
a +0 giant spiked club; a +0 giant club You have got your breath back.
Frances whispers indecipherable words.
The shard of ice hits Thabo!!
Thabo partially resists.
The soul eater hits Thabo.
Thabo is destroyed!
Frances mutters in a terrible tongue.
The iron shot hits you!!
* * * LOW HITPOINT WARNING * * *
There is a stone staircase leading up here.
Frances whispers indecipherable words.
The iron shot hits you!!
You die...

#.#....#.##....#######....#
#.##>.....#............#.#
#.#...>..........#.......#
#...........[.##..#....#
...............#......#
............#.†.......#
............#.##......####
.#..........#............#
...........###..@##...##....
...........####...##..## #..
.#..............@......# #
.#..........###)######.# .
....<....# #3# ##
...........J3#
...............
..............#
..............#


You could see Frances (fast), a slime creature, a soul eater (summoned) and a
sun demon (summoned).

Vanquished Creatures
  Fannar (D:11)
  A two-headed ogre (D:12)
  A boulder beetle (D:12)
  Nergalle (D:11)
  Lodul (D:11)
  A deep elf pyromancer (D:12)
  2 ugly things
  A centaur skeleton (D:9)
  A gargoyle (D:11)
  A komodo dragon (D:10)
  An unseen horror (D:11)
  Psyche (D:8)
  A redback zombie (D:9)
  A hellwing (D:9)
  2 trolls
  Prince Ribbit (D:8)
  13 yaks
  A vampire (D:11)
  A wraith (D:11)
  A steam dragon (D:6)
  2 vampire mosquitoes (D:10)
  3 water moccasins
  3 black bears
  4 orc warriors
  A sky beast (D:6)
  2 centaurs (D:6)
  9 ogres
  4 bullfrogs
  14 scorpions
  4 wights (D:7)
  3 killer bees (D:8)
  A howler monkey (D:9)
  A battlemage (D:12)
  A lava snake (D:10)
  5 human zombies (Ossuary)
  5 centaur zombies (Ossuary)
  4 orc priests
  3 jellies
  2 gnoll boudas
  6 hounds
  An iguana (D:6)
  A sleepcap (D:4)
  6 orc wizards
  4 scorpion zombies (Ossuary)
  3 mummies (Ossuary)
  10 gnolls
  10 adders
  3 shadow imps (D:9)
  2 ufetubi (D:6)
  4 worms
  2 dart slugs
  26 orcs
  6 endoplasms
  9 giant cockroaches
  2 gnoll zombies (Ossuary)
  8 goblins
  9 hobgoblins
  12 kobolds
  5 quokkas
  3 ball pythons
  11 bats
  6 frilled lizards
  3 kobold zombies (Ossuary)
  7 rats
264 creatures vanquished.

Vanquished Creatures (collateral kills)
  2 two-headed ogres
  A cyclops (D:11)
  2 centaur zombies (D:9)
  2 centaur skeletons (D:9)
  An unseen horror (D:12)
  2 wraiths
  2 yaks (D:10)
  A vampire mosquito (D:10)
  An orc warrior (D:7)
  2 black bears (D:11)
  An ogre (D:11)
  A phantom (D:7)
  2 kobold brigands (D:10)
  2 bullfrogs (D:11)
  A scorpion (D:11)
  3 howler monkeys (D:9)
  An orc priest (D:10)
  A sleepcap (D:7)
  An iguana (D:7)
  2 orc wizards
  A gnoll (D:10)
  A shadow imp (D:9)
  A white imp (D:8)
  3 orcs
  2 kobolds
39 creatures vanquished.

Vanquished Creatures (others)
  2 battlemagi
  2 ancestors (D:7)
4 creatures vanquished.

Grand Total: 307 creatures vanquished

Notes
Turn   | Place    | Note
-------+----------+-------------------------------------------
     0 | D:1      | mandarbmax the Draconian Monk began the quest for the Orb.
     0 | D:1      | Reached XP level 1. HP: 19/19 MP: 1/1
   185 | D:1      | Reached XP level 2. HP: 26/26 MP: 2/2
   601 | D:1      | Reached skill level 4 in Long Blades
   604 | D:1      | Reached XP level 3. HP: 31/31 MP: 3/3
  1830 | D:3      | Reached XP level 4. HP: 38/38 MP: 4/4
  2260 | D:3      | Reached skill level 5 in Long Blades
  2619 | D:4      | Reached XP level 5. HP: 45/45 MP: 5/5
  2773 | D:4      | Reached skill level 6 in Long Blades
  3167 | D:4      | Reached XP level 6. HP: 23/51 MP: 6/6
  3454 | D:5      | Entered Level 5 of the Dungeon
  3542 | D:5      | Reached skill level 7 in Long Blades
  3583 | D:5      | Your scales start taking on a lurid green colour.
  3583 | D:5      | Reached XP level 7. HP: 57/57 MP: 7/7
  3583 | D:5      | Gained mutation: Your system is resistant to poisons.
                  | (rPois) [Green Draconian growth]
  3601 | D:5      | Reached skill level 8 in Long Blades
  3956 | D:6      | Reached skill level 9 in Long Blades
  3977 | D:6      | Found a sand-covered staircase.
  3985 | Ossuary  | Entered an ossuary
  4025 | Ossuary  | Reached XP level 8. HP: 47/66 MP: 8/8
  4302 | Ossuary  | Reached skill level 10 in Long Blades
  4329 | Ossuary  | Reached skill level 5 in Fighting
  4545 | Ossuary  | Reached XP level 9. HP: 61/74 MP: 9/9
  4713 | D:6      | Found a staircase to the Ecumenical Temple.
  4807 | Temple   | Entered the Ecumenical Temple
  4816 | Temple   | Became a worshipper of Hepliaklqana the Forgotten
  4816 | Temple   | Reached * piety under Hepliaklqana
  4816 | Temple   | Reached ** piety under Hepliaklqana
  4989 | D:6      | Reached skill level 5 in Dodging
  5144 | D:6      | Reached skill level 11 in Long Blades
  6298 | D:7      | Identified the +2 dagger of Susu {drain, rC++ Str+5 Int-5}
  6304 | D:7      | Found a sacrificial altar of Ru.
  6671 | D:8      | Noticed Prince Ribbit
  6679 | D:8      | Killed Prince Ribbit
  6680 | D:8      | Reached skill level 12 in Long Blades
  6715 | D:8      | Reached *** piety under Hepliaklqana
  6722 | D:8      | Found Etestrohoa's Weapon Boutique.
  6850 | D:8      | Noticed Psyche
  6858 | D:8      | Killed Psyche
  6859 | D:8      | Reached XP level 10. HP: 60/77 MP: 10/10
  6913 | D:8      | Remembered your ancestor Thabo as a battlemage
  7429 | D:9      | Noticed a two-headed ogre
  7440 | D:9      | Killed a two-headed ogre
  7508 | D:9      | Reached skill level 13 in Long Blades
  8423 | D:10     | Entered Level 10 of the Dungeon
  8436 | D:10     | Reached XP level 11. HP: 85/85 MP: 11/11
  8537 | D:10     | Reached **** piety under Hepliaklqana
  8746 | D:10     | Found a staircase to the Orcish Mines.
  8988 | D:10     | Found Nythrifipt's Book Shoppe.
  9450 | D:10     | Reached skill level 14 in Long Blades
  9450 | D:10     | Reached skill level 1 in Invocations
  9725 | D:10     | Reached ***** piety under Hepliaklqana
  9796 | D:10     | Found an opulent altar of Gozag.
  9796 | D:10     | Found a stormy altar of Qazlal.
 10169 | D:11     | Noticed a green ugly thing
 10170 | D:11     | Noticed Lodul
 10172 | D:11     | Noticed Nergalle
 10355 | D:11     | Noticed Fannar
 10375 | D:11     | Killed Fannar
 10446 | D:11     | Killed Nergalle
 10492 | D:11     | Killed Lodul
 10493 | D:11     | Reached skill level 10 in Fighting
 10504 | D:11     | Found a staircase to the Lair.
 10523 | D:11     | Killed a green ugly thing
 10544 | D:11     | Noticed a two-headed ogre
 10548 | D:11     | Reached skill level 5 in Invocations
 10556 | D:11     | Killed a two-headed ogre
 10757 | D:11     | Reached XP level 12. HP: 79/97 MP: 16/16
 11384 | D:12     | Noticed a boulder beetle
 11405 | D:12     | Killed a boulder beetle
 11443 | D:12     | Noticed Frances
 11445 | D:12     | Noticed a two-headed ogre
 11547 | D:12     | Killed a two-headed ogre
 11564 | D:12     | Killed from afar by Frances

Illustrated notes

Levels and vault maps discovered:
D:1:      roderic_crossed_star, layout_basic, serial_forest,
          infiniplex_forest_end_1, infiniplex_forest_lined_room_,
          infiniplex_forest_clump_double, infiniplex_forest_3_way,
          infiniplex_forest_lined_room_3, infiniplex_forest_lined_room_2,
          infiniplex_forest_clump_small, infiniplex_forest_end_2,
          infiniplex_forest_clump_tiny, infiniplex_forest_clump_double,
          minmay_3d_cube
D:2:      layout_loops_ring
D:3:      layout_loops_cross
D:4:      layout_loops_corners, chequers_serial_rivers_micro_e,
          saegor_snake_ambush
D:5:      layout_gridville
D:6:      layout_basic, minmay_temple_entry_tees, nicolae_ossuary_entry_plus,
          minmay_manual_mares
D:7:      layout_basic, nicolae_ru_the_path_less_chosen, minmay_statues_item
D:8:      layout_basic, serial_shops, nicolae_diamond_shop, uniq_psyche,
          uniq_prince_ribbit1
D:9:      cheibrodos_grave_circle, layout_basic
D:10:     layout_layer_cave, nicolae_overflow_two_pavilions, orc_0_dummy,
          serial_shops, shop
D:11:     layout_basic, due_lair_maze_entry_diamond, uniq_nergalle, uniq_lodul,
          uniq_fannar
D:12:     layout_rooms, eino_jars, uniq_frances
Temple:   hellmonk_temple_of_storms

Skill      XL: |  1  2  3  4  5  6  7  8  9 10 11 12 |
---------------+-------------------------------------+-----
Dodging        | 3 4 6 7 9 |  9.7
Long Blades    | 4 5 6 7 9 10 12 13 14 | 14.0
Fighting       | 5 7 8 10 11 | 11.5
Invocations    | 5 6 |  6.0

Action                     |  1- 3 |  4- 6 |  7- 9 | 10-12 || total
---------------------------+-------+-------+-------+-------++-------
  Melee: Falchion          |   282 |   136 |   440 |   181 ||  1039
         Tailslap          |    53 |    27 |    92 |    76 ||   248
         Scimitar          |       |       |       |   134 ||   134
 Invoke: Ancestor Life: Ba |       |       |       |     1 ||     1
         Recall Ancestor   |       |       |       |     1 ||     1
Ability: Breathe Noxious F |       |       |     9 |    19 ||    28
  Evoke: Wand              |       |     1 |       |       ||     1
    Use: Potion            |     1 |       |       |     2 ||     3
         Scroll            |       |     8 |     5 |     3 ||    16
   Stab: Confused          |       |       |     5 |    13 ||    18
         Distracted        |       |       |     2 |    13 ||    15
 Armour: Skin              |    52 |    61 |   244 |   158 ||   515
  Dodge: Dodged            |    73 |    93 |   361 |   203 ||   730

Table legend: (Time is in decaauts)
 A = Elapsed time spent in this place.
 B = Non-inter-level travel time spent in this place.
 C = Inter-level travel time spent in this place.
 D = Time resting spent in this place.
 E = Time spent auto-exploring this place.
 F = Levels seen in this place.
 G = Mean time per level.
                   A        B        C        D        E       F      G
               +--------+--------+--------+--------+--------+-----+--------+
         Total |  11425 |  10862 |    563 |    437 |   8322 |  14 |  816.1 |
       Dungeon |  10787 |  10241 |    546 |    335 |   8067 |  12 |  898.9 |
        Temple |     18 |      2 |     16 |      0 |      0 |   1 |   18.0 |
       Ossuary |    620 |    620 |      0 |    102 |    255 |   1 |  620.0 |
               +--------+--------+--------+--------+--------+-----+--------+

Top non-repeatable levels by time:
    D:10: 1658 daAuts
     D:9: 1192 daAuts
    D:11: 1076 daAuts
     D:1: 1048 daAuts
     D:4: 1040 daAuts
     D:7: 987 daAuts
     D:6: 927 daAuts
     D:2: 892 daAuts
     D:8: 831 daAuts
 Ossuary: 620 daAuts
     D:3: 572 daAuts
     D:5: 416 daAuts
    D:12: 144 daAuts
  Temple: 18 daAuts
